 Dungeon Crawl Stone Soup version 0.19.5 (webtiles) character file.

65 tidbits the Slasher (level 3, 31/36 HPs)
             Began as a High Elf Skald on Nov 17, 2017.
             Quit the game in a sewer.
             The game lasted 00:05:57 (906 turns).

tidbits the Slasher (High Elf Skald)                 Turns: 906, Time: 00:05:59

Health: 31/36      AC:  3    Str: 17    XL:     3   Next: 94%
Magic:  6/7        EV: 12    Int: 16    God:
Gold:   64         SH:  0    Dex: 14    Spells: 3 memorised, 2 levels left

rFire  . . .     SeeInvis .     c - book of Battle
rCold  . . .     Gourm    .     b - +0 leather armour
rNeg   . . .     Faith    .     (no shield)
rPois  .         Spirit   .     (no helmet)
rElec  .         Reflect  .     (no cloak)
rCorr  .         Harm     .     (no gloves)
MR     .....                    (no boots)
Stlth  ..........               (no amulet)
                                (no ring)
                                (no ring)

@: berserking, infused, very quick
A: no striking features
a: no special abilities


You were in a sewer.
You were not hungry.

You visited 1 branch of the dungeon, and saw 3 of its levels.
You also visited: Sewer.

You collected 64 gold pieces.

Inventory:

Hand Weapons
 a - a +0 falchion
Missiles
 e - 20 stones (quivered)
Armour
 b - a +0 leather armour (worn)
Scrolls
 f - a scroll of recharging {unknown}
 g - a scroll of amnesia {unknown}
 h - a scroll of identify {unknown}
 k - 6 scrolls of teleportation {unknown}
 l - a scroll of remove curse {unknown}
Potions
 j - a potion of flight {unknown}
 m - a potion of ambrosia {unknown}
Books
 c - a book of Battle (in hand)

   Spells                             Type                      Level
   a - Infusion                       Charms                       1
   b - Shroud of Golubria             Charms/Translocation         2
   c - Song of Slaying                Charms                       2
   d - Spectral Weapon                Hexes/Charms                 3
   e - Regeneration                   Charms/Necromancy            3
Comestibles
 d - 2 bread rations
 n - a meat ration


   Skills:
 - Level 2.0 Fighting
 - Level 4.8 Long Blades
 - Level 0.8 Armour
 - Level 1.4 Dodging
 + Level 2.5 Spellcasting
 - Level 3.7 Charms


You had 2 spell levels left.
You knew the following spells:

 Your Spells              Type           Power        Failure   Level  Hunger
g - Shroud of Golubria    Chrm/Tloc      #.........   17%         2    ##.....
i - Infusion              Chrm           ##..         8%          1    #......
y - Song of Slaying       Chrm           ##......     10%         2    ##.....


Dungeon Overview and Level Annotations

Branches:
Dungeon (3/15)

Altars:

Annotations:
D:3 2 exclusions Sewer Purgy


Message History

You swing at nothing.
You swing at nothing.
You swing at nothing.
You swing at nothing.
You swing at nothing.
You swing at nothing.
You swing at nothing.
You swing at nothing.
You swing at nothing.
You swing at nothing.
You swing at nothing.
You swing at nothing.
You swing at nothing.
You swing at nothing.
You swing at nothing.
You swing at nothing.
You swing at nothing.
You swing at nothing.
You are feeling hungry.
Wield which item (- for none, * to show all)? (? for menu, Esc to quit)
a - a +0 falchion (weapon)
There is an empty arch of ancient stone here.
Things that are here:
a bat corpse x2
Butcher a bat corpse? [(y)es/(c)hoosy/(n)o/(a)ll/(e)dible/(q)uit/?]
Butcher a bat corpse? [(y)es/(c)hoosy/(n)o/(a)ll/(e)dible/(q)uit/?]
Okay, then.
You butcher the bat corpse.
i - a chunk of flesh
There is an empty arch of ancient stone here.
Things that are here:
a bat skeleton; a bat corpse Unknown command.
Eat a chunk of flesh? (ye/n/q)
You start eating the chunk of flesh.
This raw flesh tastes terrible.
Found a gate leading back out of this place.
Found a golden potion.
There is a gate leading back out of this place here.
i - a golden potion
There is a gate leading back out of this place here.
Wield which item (- for none, * to show all)? (? for menu, Esc to quit)
c - a book of Battle (in hand)
You swing at nothing.
You swing at nothing.
You swing at nothing.
You swing at nothing.
You swing at nothing.
You swing at nothing.
You swing at nothing.
You swing at nothing.
You swing at nothing.
You swing at nothing.
You swing at nothing.
You swing at nothing.
You swing at nothing.
You swing at nothing.
You swing at nothing.
You swing at nothing.
You swing at nothing.
You swing at nothing.
You swing at nothing.
You swing at nothing.
You swing at nothing.
You swing at nothing.
You swing at nothing.
You swing at nothing.
You swing at nothing.
You swing at nothing.
You swing at nothing.
You swing at nothing.
You swing at nothing.
You swing at nothing.
Okay, then.
Casting: Song of Slaying
Confirm with . or Enter, or press ? or * to list all spells.
You begin infusing your attacks with magical energy.
Purgy the Meek comes into view.
Purgy shouts!
You aren't carrying any items that you can evoke.
Unknown command.
It was a potion of berserk rage.
A red film seems to cover your vision as you go berserk!
You feel yourself moving faster!
You feel mighty!
You feel a strong urge to attack something.
Found 7 sling bullets and 23 gold pieces.
Really attack while wielding your book of Battle? [Y]es or [N]o only, please.
Really attack while wielding your book of Battle? [Y]es or [N]o only, please.
Really attack while wielding your book of Battle?
Okay, then.
You are too berserk!
You are too berserk!
Unknown command.
You are too berserk!
Unknown command.
You are too berserk!
Unknown command.
Are you sure you want to abandon this character and quit the game? (Confirm with "yes".)

#.# ####### #.#
##.....## #.#
#...≈...## #.#
...≈≈≈...#######.#
÷.≈≈≈≈≈..........#
...≈≈≈...#######.#
#...≈...## #.#
##.....## #@#
####### #T# ...
..... .......
#.......#
#.......#
#..$($..#


You could see Purgy.

Vanquished Creatures
  2 adders (D:3)
  A river rat (D:3)
  A worm (D:2)
  A dart slug (D:1)
  2 leopard geckos
  7 bats
  A giant cockroach (D:3)
  7 goblins
  2 hobgoblins
  A ball python (D:1)
  A frilled lizard (D:1)
  2 kobolds (D:1)
  6 rats
34 creatures vanquished.

Notes
Turn   | Place    | Note
-------+----------+-------------------------------------------
     0 | D:1      | tidbits the High Elf Skald began the quest for the Orb.
     0 | D:1      | Reached XP level 1. HP: 14/14 MP: 4/4
   119 | D:1      | Reached XP level 2. HP: 8/19 MP: 2/6
   122 | D:1      | Reached skill level 3 in Long Blades
   129 | D:1      | Learned a level 2 spell: Song of Slaying
   132 | D:1      | Learned a level 2 spell: Shroud of Golubria
   517 | D:3      | Reached XP level 3. HP: 7/24 MP: 3/7
   564 | D:3      | Noticed a scorpion
   675 | D:3      | Reached skill level 4 in Long Blades
   697 | D:3      | Found a glowing drain.
   774 | Sewer    | Entered a sewer
   902 | Sewer    | Noticed Purgy
   906 | Sewer    | Quit the game

Skill      XL: |  1  2  3 |
---------------+----------+-----
Long Blades    | 3 4 |  4.8
Fighting       | |  2.0
Armour         | |  0.8
Dodging        | |  1.4
Spellcasting   | |  2.5
Charms         | |  3.7

Action                   || total
-------------------------++-------
Melee: Falchion          ||    91
 Cast: Infusion          ||    16
       Song of Slaying   ||     1
  Use: Potion            ||     3
  Eat: Chunk             ||     1
Armor: Leather armour    ||    31
Dodge: Dodged            ||    53
       Rpst.: Falchion   ||    16

Table legend:
 A = Turns spent in this place as a percentage of turns spent in the entire game.
 B = Non-inter-level travel turns spent in this place as a percentage of non-inter-level travel turns spent in the entire game.
 C = Inter-level travel turns spent in this place as a percentage of turns spent in this place.
 D = Turns resting spent in this place as a percentage of non-inter-level travel turns spent in this place.
 E = Turns spent auto-exploring this place as a percentage of non-inter-level travel turns spent in this place.
 F = Non-inter-level travel turns spent in this place divided by the number of levels of this place that you've seen.
                   A       B       C       D       E      F
               +-------+-------+-------+-------+-------+----------------------
         Total | 100.0 | 100.0 |   0.2 |   0.0 |   0.0 | 201.0
       Dungeon |  82.9 |  82.8 |   0.3 |   0.0 |   0.0 | 222.0
         Sewer |  17.1 |  17.2 |   0.0 |   0.0 |   0.0 | 138.0
               +-------+-------+-------+-------+-------+----------------------

Table legend:
 A = Kills in this place as a percentage of kills in entire the game.
 B = Kills by you in this place as a percentage of kills by you in the entire game.
 C = Kills by friends in this place as a percentage of kills by friends in the entire game.
 D = Other kills in this place as a percentage of other kills in the entire game.
 E = Experience gained in this place as a percentage of experience gained in the entire game.
 F = Experience gained in this place divided by the number of levels of this place that you have seen.
                   A       B       C       D       E      F
               +-------+-------+-------+-------+-------+----------------------
         Total | 100.0 | 100.0 |  -nan |  -nan | 100.0 |  23.5
       Dungeon |  85.3 |  85.3 |  -nan |  -nan |  92.6 |  29.0
         Sewer |  14.7 |  14.7 |  -nan |  -nan |   7.4 |   7.0
               +-------+-------+-------+-------+-------+----------------------

Vault maps used:
D:1:      shiori_arrival_maze, serial_co_window_serial,
          co_window_of_opportunity_a, co_window_cross_1, co_window_corner_a,
          co_window_paths_a, co_window_of_opportunity_a, co_window_paths_a,
          co_window_of_opportunity_a, co_window_corner_a,
          co_window_of_opportunity_a, co_window_2corner, co_window_broadway_b,
          co_window_corner_b, co_window_of_opportunity_c, co_window_cross_3,
          co_window_corner_b
D:2:      nicolae_overflow_hidden_temple, minmay_misc_feat_nine_boxes,
          st_stairs_10
D:3:      portal_sewer_entry_a, minmay_shallow_snake_nest
Sewer:    sewer_big_baddie
